| TOP OF THE 1ST |
|
Pawtucket Red Sox batting - Pitching for Tacoma Rainiers : RHP Justin Lee
|
|
Pitching: RHP Justin Lee
|
|
|
Batting: RHB Andy Garvin
|
0-0: Ball 1-0: Fly out, F8 (Flyball, 8LM, EV 96.2 MPH)
|
|
Batting: RHB Brandon Perris
|
0-0: Ball 1-0: Swinging Strike 1-1: Ball 2-1: Called Strike 2-2: Strikes out swinging
|
|
Batting: SHB Ben Ervin
|
0-0: Called Strike 0-1: Foul Ball, location: 2F 0-2: Ball 1-2: Ball 2-2: Strikes out looking
|
| Top of the 1st over - 0 runs, 0 hits, 0 errors, 0 left on base; Pawtucket 0 - Tacoma 0 |
| BOTTOM OF THE 1ST |
|
Tacoma Rainiers batting - Pitching for Pawtucket Red Sox : RHP Graham Jackson
|
|
Pitching: RHP Graham Jackson
|
|
|
Batting: RHB Brad Robidas
|
0-0: Ball 1-0: Called Strike 1-1: Reached on error, E6 (Groundball, 6, EV 86.9 MPH)
|
|
Batting: RHB Enrique Valdez
|
0-0: Ball 1-0: Ball 2-0: Ball 3-0: Called Strike 3-1: Base on Balls Brad Robidas to second
|
|
Batting: LHB Josh Pittman
|
0-0: Ground out 4-3 (Groundball, 34D, EV 97.5 MPH) Brad Robidas to third Enrique Valdez to second
|
|
Batting: LHB Ryan Lowe
|
0-0: Foul Ball, location: 2F 0-1: DOUBLE (Flyball, 89D, EV 105.0 MPH) Brad Robidas scores Enrique Valdez scores
|
|
Batting: RHB Rick Ellis
|
0-0: DOUBLE (Flyball, 8RXD, EV 102.5 MPH) Ryan Lowe scores
|
|
Batting: SHB Ray Skogen
|
0-0: Called Strike 0-1: Ground out 6-3 (Groundball, 6, EV 81.2 MPH) Rick Ellis to third
|
|
Batting: RHB Chris Olheiser
|
0-0: Ball 1-0: Called Strike 1-1: Fly out, F8 (Line Drive, 8LM, EV 92.5 MPH)
|
| Bottom of the 1st over - 3 runs, 2 hits, 1 error, 1 left on base; Pawtucket 0 - Tacoma 3 |
| TOP OF THE 2ND |
|
Pawtucket Red Sox batting - Pitching for Tacoma Rainiers : RHP Justin Lee
|
|
Batting: SHB Willie Koviak
|
0-0: Ball 1-0: Ball 2-0: Called Strike 2-1: Foul Ball, location: 2F 2-2: Strikes out swinging
|
|
Batting: RHB Ernie Genier
|
0-0: Called Strike 0-1: Foul Ball, location: 2F 0-2: Foul Ball, location: 2F 0-2: Fly out, F9 (Flyball, 89S, EV 95.0 MPH)
|
|
Batting: RHB John Chiesa
|
0-0: Swinging Strike 0-1: Foul Ball, location: 2F 0-2: Ground out 5-3 (Groundball, 56, EV 80.0 MPH)
|
| Top of the 2nd over - 0 runs, 0 hits, 0 errors, 0 left on base; Pawtucket 0 - Tacoma 3 |
| BOTTOM OF THE 2ND |
|
Tacoma Rainiers batting - Pitching for Pawtucket Red Sox : RHP Graham Jackson
|
|
Batting: RHB Max Schellekens
|
0-0: Ball 1-0: Ball 2-0: Swinging Strike 2-1: Foul Ball, location: 2F 2-2: Ground out 6-3 (Groundball, 6, EV 90.0 MPH)
|
|
Batting: RHB Kagetoki Kawai
|
0-0: Called Strike 0-1: Ball 1-1: Ball 2-1: Ball 3-1: Base on Balls
|
|
Batting: RHB Brad Robidas
|
0-0: Ball Kagetoki Kawai is caught stealing 2nd base 2-4 1-0: Called Strike 1-1: Called Strike 1-2: Foul Ball, location: 2F 1-2: Strikes out swinging
|
| Bottom of the 2nd over - 0 runs, 0 hits, 0 errors, 0 left on base; Pawtucket 0 - Tacoma 3 |
| TOP OF THE 3RD |
|
Pawtucket Red Sox batting - Pitching for Tacoma Rainiers : RHP Justin Lee
|
|
Batting: RHB Joe Sandoval
|
0-0: DOUBLE (Line Drive, 9LM, EV 110.6 MPH)
|
|
Batting: RHB Sal Rivera
|
0-0: Called Strike 0-1: Ball 1-1: SINGLE (Line Drive, 8RS, EV 103.1 MPH) Joe Sandoval to third
|
|
Batting: RHB Joe Evrard
|
0-0: Ball 1-0: Swinging Strike 1-1: Grounds into double play, 6-4-3 (Groundball, 6, EV 92.5 MPH) Joe Sandoval scores
|
|
Batting: RHB Andy Garvin
|
0-0: Ball 1-0: Foul Ball, location: 2F 1-1: Ball 2-1: Ball 3-1: Foul Ball, location: 2F 3-2: Strikes out swinging
|
| Top of the 3rd over - 1 run, 2 hits, 0 errors, 0 left on base; Pawtucket 1 - Tacoma 3 |
| BOTTOM OF THE 3RD |
|
Tacoma Rainiers batting - Pitching for Pawtucket Red Sox : RHP Graham Jackson
|
|
Batting: RHB Enrique Valdez
|
0-0: Ball 1-0: Fly out, F7 (Flyball, 7D, EV 85.0 MPH)
|
|
Batting: LHB Josh Pittman
|
0-0: Ball 1-0: Ball 2-0: Ball 3-0: Base on Balls
|
|
Batting: LHB Ryan Lowe
|
0-0: Ball 1-0: Fly out, F8 (Line Drive, 8RM, EV 96.2 MPH)
|
|
Batting: RHB Rick Ellis
|
0-0: Called Strike 0-1: Ball 1-1: Called Strike 1-2: Ball 2-2: Fly out, F9 (Line Drive, 9S, EV 104.4 MPH)
|
| Bottom of the 3rd over - 0 runs, 0 hits, 0 errors, 1 left on base; Pawtucket 1 - Tacoma 3 |
| TOP OF THE 4TH |
|
Pawtucket Red Sox batting - Pitching for Tacoma Rainiers : RHP Justin Lee
|
|
Batting: RHB Brandon Perris
|
0-0: Called Strike 0-1: Fly out, F7 (Flyball, 7, EV 96.9 MPH)
|
|
Batting: SHB Ben Ervin
|
0-0: Ball 1-0: Foul Ball, location: 2F 1-1: Ground out 6-3 (Groundball, 6S, EV 72.5 MPH)
|
|
Batting: SHB Willie Koviak
|
0-0: Ball 1-0: Called Strike 1-1: Ball 2-1: Called Strike 2-2: Ball 3-2: Foul Ball, location: 2F 3-2: Foul Ball, location: 2F 3-2: Foul Ball, location: 2F 3-2: Fly out, F7 (Flyball, 7LM, EV 88.1 MPH)
|
| Top of the 4th over - 0 runs, 0 hits, 0 errors, 0 left on base; Pawtucket 1 - Tacoma 3 |
| BOTTOM OF THE 4TH |
|
Tacoma Rainiers batting - Pitching for Pawtucket Red Sox : RHP Graham Jackson
|
|
Batting: SHB Ray Skogen
|
0-0: Called Strike 0-1: Swinging Strike 0-2: Ground out 4-3 (Groundball, 4, EV 84.4 MPH)
|
|
Batting: RHB Chris Olheiser
|
0-0: Called Strike 0-1: Ball 1-1: Ball 2-1: Swinging Strike 2-2: Ball 3-2: DOUBLE (Groundball, 3L, EV 104.4 MPH)
|
|
Batting: RHB Max Schellekens
|
0-0: Foul Ball, location: 2F 0-1: Ball 1-1: Ball 2-1: Ball 3-1: Swinging Strike 3-2: Base on Balls
|
|
Batting: RHB Kagetoki Kawai
|
0-0: Called Strike 0-1: Swinging Strike 0-2: Ball 1-2: Ball 2-2: Strikes out swinging
|
|
Batting: RHB Brad Robidas
|
0-0: Called Strike 0-1: Hit by Pitch Chris Olheiser to third Max Schellekens to second
|
|
Batting: RHB Enrique Valdez
|
0-0: Ball 1-0: Called Strike 1-1: Ball 2-1: Ball 3-1: Foul Ball, location: 2F 3-2: Ground out U3 (Groundball, 34, EV 95.6 MPH)
|
| Bottom of the 4th over - 0 runs, 1 hit, 0 errors, 3 left on base; Pawtucket 1 - Tacoma 3 |
| TOP OF THE 5TH |
|
Pawtucket Red Sox batting - Pitching for Tacoma Rainiers : RHP Justin Lee
|
|
Batting: RHB Ernie Genier
|
0-0: Ball 1-0: Foul Ball, location: 2F 1-1: Called Strike 1-2: Foul Ball, location: 2F 1-2: Strikes out looking
|
|
Batting: RHB John Chiesa
|
0-0: Ball 1-0: Ground out 5-3 (Groundball, 56D, EV 103.8 MPH)
|
|
Batting: RHB Joe Sandoval
|
0-0: Ball 1-0: Foul Ball, location: 2F 1-1: Ball 2-1: Fly out, F8 (Flyball, 8LM, EV 99.4 MPH)
|
| Top of the 5th over - 0 runs, 0 hits, 0 errors, 0 left on base; Pawtucket 1 - Tacoma 3 |
| BOTTOM OF THE 5TH |
|
Tacoma Rainiers batting - Pitching for Pawtucket Red Sox : RHP Graham Jackson
|
|
Batting: LHB Josh Pittman
|
0-0: Foul Ball, location: 2F 0-1: Ball 1-1: Ground out 4-3 (Groundball, 34D, EV 108.8 MPH)
|
|
Batting: LHB Ryan Lowe
|
0-0: Ball 1-0: Ball 2-0: Ball 3-0: Base on Balls
|
|
Batting: RHB Rick Ellis
|
0-0: Ball 1-0: Ball 2-0: Called Strike 2-1: Swinging Strike 2-2: Strikes out swinging
|
|
Batting: SHB Ray Skogen
|
0-0: Ball 1-0: Fly out, F9 (Line Drive, 9D, EV 95.0 MPH)
|
| Bottom of the 5th over - 0 runs, 0 hits, 0 errors, 1 left on base; Pawtucket 1 - Tacoma 3 |
| TOP OF THE 6TH |
|
Pawtucket Red Sox batting - Pitching for Tacoma Rainiers : RHP Justin Lee
|
|
Batting: RHB Sal Rivera
|
0-0: Foul Ball, location: 2F 0-1: Swinging Strike 0-2: Ball 1-2: Strikes out swinging
|
|
Batting: RHB Joe Evrard
|
0-0: Foul Ball, location: 2F 0-1: SINGLE (Groundball, 4MD, EV 101.2 MPH)
|
|
Batting: RHB Andy Garvin
|
0-0: Fly out, F8 (Flyball, 8LD, EV 90.0 MPH)
|
|
Batting: RHB Brandon Perris
|
0-0: Ball 1-0: Called Strike 1-1: Ground out 4-3 (Groundball, 4, EV 81.2 MPH)
|
| Top of the 6th over - 0 runs, 1 hit, 0 errors, 1 left on base; Pawtucket 1 - Tacoma 3 |
| BOTTOM OF THE 6TH |
|
Tacoma Rainiers batting - Pitching for Pawtucket Red Sox : RHP Graham Jackson
|
|
Batting: RHB Chris Olheiser
|
0-0: Foul Ball, location: 2F 0-1: Foul Ball, location: 2F 0-2: Ball 1-2: Strikes out swinging
|
|
Batting: RHB Max Schellekens
|
0-0: Ball 1-0: Ball 2-0: Called Strike 2-1: Ground out 4-3 (Groundball, 4, EV 81.2 MPH)
|
|
Batting: RHB Kagetoki Kawai
|
0-0: Fly out, F8 (Flyball, 78D, EV 105.0 MPH)
|
| Bottom of the 6th over - 0 runs, 0 hits, 0 errors, 0 left on base; Pawtucket 1 - Tacoma 3 |
| TOP OF THE 7TH |
|
Pawtucket Red Sox batting - Pitching for Tacoma Rainiers : RHP Justin Lee
|
|
Batting: SHB Ben Ervin
|
0-0: Ball 1-0: Ball 2-0: Ball 3-0: Called Strike 3-1: Foul Ball, location: 2F 3-2: Foul Ball, location: 2F 3-2: Strikes out swinging
|
|
Batting: SHB Willie Koviak
|
0-0: Called Strike 0-1: Ball 1-1: Foul Ball, location: 2F 1-2: Strikes out swinging
|
|
Batting: RHB Ernie Genier
|
0-0: Hit by Pitch
|
|
Batting: RHB John Chiesa
|
0-0: Called Strike 0-1: DOUBLE (Line Drive, 78XD, EV 99.4 MPH) Ernie Genier to third
|
|
Batting: RHB Joe Sandoval
|
0-0: Swinging Strike 0-1: SINGLE (Line Drive, 78S, EV 88.8 MPH) Ernie Genier scores John Chiesa to third Runner from 3rd tries for Home, SAFE, throw by LF to home
|
|
Batting: RHB Sal Rivera
|
0-0: Ball 1-0: Called Strike 1-1: Ball 2-1: Called Strike 2-2: Foul Ball, location: 2F 2-2: Strikes out swinging
|
| Top of the 7th over - 2 runs, 2 hits, 0 errors, 1 left on base; Pawtucket 3 - Tacoma 3 |
| BOTTOM OF THE 7TH |
|
Tacoma Rainiers batting - Pitching for Pawtucket Red Sox : RHP Graham Jackson
|
|
Batting: RHB Brad Robidas
|
0-0: Ball 1-0: Called Strike 1-1: Foul Ball, location: 2F 1-2: Ground out 5-3 (Groundball, 25, EV 67.5 MPH)
|
|
Pitching: LHP Ken Intagliata
|
|
|
Batting: RHB Enrique Valdez
|
0-0: Called Strike 0-1: Swinging Strike 0-2: Foul Ball, location: 2F 0-2: Ball 1-2: Foul Ball, location: 2F 1-2: SINGLE (Flyball, 89M, EV 94.4 MPH)
|
|
Batting: LHB Josh Pittman
|
0-0: Called Strike 0-1: Ball 1-1: Swinging Strike 1-2: Strikes out swinging
|
|
Pinch Hitting: RHB Zach Downs
|
0-0: Called Strike 0-1: Ball 1-1: Fly out, F9 (Flyball, 9S, EV 87.5 MPH)
|
| Bottom of the 7th over - 0 runs, 1 hit, 0 errors, 1 left on base; Pawtucket 3 - Tacoma 3 |
| TOP OF THE 8TH |
|
Pawtucket Red Sox batting - Pitching for Tacoma Rainiers : RHP Justin Lee
|
|
Now at 1B: Zach Downs
|
|
|
Batting: RHB Joe Evrard
|
0-0: Ball 1-0: Called Strike 1-1: Ball 2-1: Called Strike 2-2: SOLO HOME RUN (Flyball, 9D, EV 101.2 MPH), Distance : 380 ft
|
|
Pitching: RHP David Lane
|
|
|
Batting: RHB Andy Garvin
|
0-0: Ball 1-0: Foul Ball, location: 2F 1-1: Foul Ball, location: 2F 1-2: Foul Ball, location: 2F 1-2: Ground out 6-3 (Groundball, 6, EV 95.0 MPH)
|
|
Batting: RHB Brandon Perris
|
0-0: Called Strike 0-1: Called Strike 0-2: Ball 1-2: Foul Ball, location: 2F 1-2: Foul Ball, location: 2F 1-2: Ball 2-2: Ball 3-2: Base on Balls
|
|
Batting: SHB Ben Ervin
|
0-0: Ball 1-0: Called Strike 1-1: Foul Ball, location: 2F 1-2: Strikes out swinging
|
|
Batting: SHB Willie Koviak
|
0-0: Foul Ball, location: 2F 0-1: Ball 1-1: Ball 2-1: Ball 3-1: Ground out 4-3 (Groundball, 4, EV 81.9 MPH)
|
| Top of the 8th over - 1 run, 1 hit, 0 errors, 1 left on base; Pawtucket 4 - Tacoma 3 |
| BOTTOM OF THE 8TH |
|
Tacoma Rainiers batting - Pitching for Pawtucket Red Sox : LHP Ken Intagliata
|
|
Batting: RHB Rick Ellis
|
0-0: Ball 1-0: Ball 2-0: SINGLE (Groundball, 5S, EV 68.1 MPH) (infield hit)
|
|
Pitching: RHP Billy Fitzgerald
|
|
|
Batting: SHB Ray Skogen
|
0-0: Ball 1-0: Ball 2-0: Called Strike 2-1: Ball 3-1: Swinging Strike 3-2: Foul Ball, location: 2F 3-2: Base on Balls Rick Ellis to second
|
|
Batting: RHB Chris Olheiser
|
0-0: Bunted foul 0-1: Bunt missed! 0-2: Foul Ball, location: 2F 0-2: Ball 1-2: Ball 2-2: Strikes out swinging
|
|
Batting: RHB Max Schellekens
|
0-0: Ball 1-0: Grounds into double play, 4-6-3 (Groundball, 4, EV 93.1 MPH)
|
| Bottom of the 8th over - 0 runs, 1 hit, 0 errors, 1 left on base; Pawtucket 4 - Tacoma 3 |
| TOP OF THE 9TH |
|
Pawtucket Red Sox batting - Pitching for Tacoma Rainiers : RHP David Lane
|
|
Pitching: LHP Rentaro Minami
|
|
|
Batting: RHB Ernie Genier
|
0-0: Ground out 6-3 (Groundball, 6D, EV 83.1 MPH)
|
|
Batting: RHB John Chiesa
|
0-0: SINGLE (Groundball, 34D, EV 94.4 MPH)
|
|
Batting: RHB Joe Sandoval
|
0-0: Foul Ball, location: 2F 0-1: SINGLE (Line Drive, 8RS, EV 88.8 MPH) John Chiesa to second Runner from 2nd tries for 3rd, SAFE, throw by CF made to third
|
|
Batting: RHB Sal Rivera
|
0-0: Bunted foul 0-1: Called Strike 0-2: Ball 1-2: Ball 2-2: Ball 3-2: Base on Balls Joe Sandoval to second
|
|
Batting: RHB Joe Evrard
|
0-0: Called Strike 0-1: Foul Ball, location: 2F 0-2: Ball 1-2: SINGLE (Groundball, 4M, EV 110.6 MPH) John Chiesa scores Joe Sandoval to third Sal Rivera to second
|
|
Batting: RHB Andy Garvin
|
0-0: Ball 1-0: Ball 2-0: Called Strike 2-1: Grounds into double play, 6-2-3 (Groundball, 6, EV 91.2 MPH)
|
| Top of the 9th over - 1 run, 3 hits, 0 errors, 2 left on base; Pawtucket 5 - Tacoma 3 |
| BOTTOM OF THE 9TH |
|
Tacoma Rainiers batting - Pitching for Pawtucket Red Sox : RHP Billy Fitzgerald
|
|
Pitching: RHP Jim Whiteman
|
|
|
Batting: RHB Kagetoki Kawai
|
0-0: Called Strike 0-1: Called Strike 0-2: Ball 1-2: Foul Ball, location: 2F 1-2: Ball 2-2: Ball 3-2: Base on Balls
|
|
Batting: RHB Brad Robidas
|
0-0: Ball 1-0: Called Strike 1-1: Ball 2-1: Fly out, F8 (Flyball, 8RM, EV 96.9 MPH)
|
|
Batting: RHB Enrique Valdez
|
0-0: Swinging Strike 0-1: Swinging Strike 0-2: Ball 1-2: SINGLE (Line Drive, 89S, EV 95.6 MPH) Kagetoki Kawai to second
|
|
Batting: LHB Josh Pittman
|
0-0: Foul Ball, location: 2F 0-1: Foul Ball, location: 2F 0-2: Ball 1-2: Ball 2-2: Grounds into double play, 2-4-3 (Groundball, 2L, EV 75.6 MPH)
|
| Bottom of the 9th over - 0 runs, 1 hit, 0 errors, 1 left on base; Pawtucket 5 - Tacoma 3 |
|